[Event "Live Chess"]
[Site "Chess.com"]
[Date "2011.01.04"]
[Round "-"]
[White "caliche15904"]
[Black "hipposcottimus"]
[Result "0-1"]
[CurrentPosition "4r1k1/pp4pp/2nr4/8/5P2/7P/P5P1/6K1 b - -"]
[Timezone "UTC"]
[ECO "A01"]
[ECOUrl "https://www.chess.com/openings/Nimzowitsch-Larsen-Attack-Classical-Variation-2.Bb2"]
[UTCDate "2011.01.04"]
[UTCTime "02:16:29"]
[WhiteElo "1288"]
[BlackElo "1381"]
[TimeControl "600"]
[Termination "hipposcottimus won by resignation"]
[StartTime "02:16:29"]
[EndDate "2011.01.04"]
[EndTime "02:25:31"]
[Link "https://www.chess.com/game/live/83986994"]

1. b3 d5 2. Bb2 d4 3. c4 c5 4. e3 e5 5. exd4 cxd4 6. d3 Bf5 7. Ne2 Bg6 8. f3 f5 9. Nc1 Nf6 10. Nd2 Bb4 11. Be2 O-O 12. O-O Qa5 13. Nb1 Bc3 14. Bxc3 dxc3 15. Qc2 Qc5+ 16. Kh1 Nc6 17. Qxc3 Nd4 18. b4 Qc6 19. c5 Nh5 20. Nb3 Nf4 21. Nxd4 exd4 22. Qc4+ Bf7 23. Qxd4 Nxe2 24. Qe3 Rae8 25. Qf2 Qf6 26. Na3 Qb2 27. Nb5 Qxb4 28. Nd6 Re6 29. Nxf5 Bg6 30. Nd4 Nxd4 31. Rae1 Ref6 32. Re4 Bxe4 33. dxe4 Re8 34. Re1 Qxc5 35. h3 Qe5 36. Rd1 Nc6 37. Rd5 Qxe4 38. Rd6 Qb1+ 39. Qg1 Qxg1+ 40. Kxg1 Rxd6 41. f4 0-1

[Event "Live Chess"]
[Site "Chess.com"]
[Date "2011.01.04"]
[Round "-"]
[White "AKIISSA"]
[Black "hipposcottimus"]
[Result "1-0"]
[CurrentPosition "rnb2rk1/2p3pp/pq3p2/1p1np3/4N3/1B1P3P/PPP2PP1/RN1QR1K1 w - -"]
[Timezone "UTC"]
[ECO "C20"]
[ECOUrl "https://www.chess.com/openings/Portuguese-Opening-2...Nf6"]
[UTCDate "2011.01.04"]
[UTCTime "02:12:33"]
[WhiteElo "1481"]
[BlackElo "1375"]
[TimeControl "600"]
[Termination "AKIISSA won by resignation"]
[StartTime "02:12:33"]
[EndDate "2011.01.04"]
[EndTime "02:15:33"]
[Link "https://www.chess.com/game/live/83986179"]

1. e4 e5 2. Bb5 Nf6 3. d3 Be7 4. h3 a6 5. Ba4 b5 6. Bb3 d5 7. exd5 Nxd5 8. Nf3 Qd6 9. O-O O-O 10. Re1 Bf6 11. Bg5 Bxg5 12. Nxg5 f6 13. Ne4 Qb6 1-0

[Event "Live Chess"]
[Site "Chess.com"]
[Date "2011.01.04"]
[Round "-"]
[White "hipposcottimus"]
[Black "AKIISSA"]
[Result "0-1"]
[CurrentPosition "2k2b1r/pp1b1pp1/3p1n2/2pP4/P1P4p/1PN1r3/1q1BBPPP/R2R2K1 w - -"]
[Timezone "UTC"]
[ECO "C00"]
[ECOUrl "https://www.chess.com/openings/French-Defense-Steiner-Variation-2...c5-3.Nf3"]
[UTCDate "2011.01.04"]
[UTCTime "02:04:16"]
[WhiteElo "1381"]
[BlackElo "1475"]
[TimeControl "600"]
[Termination "AKIISSA won by resignation"]
[StartTime "02:04:16"]
[EndDate "2011.01.04"]
[EndTime "02:12:04"]
[Link "https://www.chess.com/game/live/83984410"]

1. e4 e6 2. c4 c5 3. Nf3 Nc6 4. d4 Qa5+ 5. Nc3 Nf6 6. d5 Nd4 7. Bd2 Nxf3+ 8. Qxf3 Qb4 9. b3 Qa3 10. Na4 exd5 11. exd5 d6 12. Bc1 Qb4+ 13. Bd2 Qa3 14. Bc1 Qb4+ 15. Bd2 Qa3 16. Be2 Bd7 17. Bc1 Qb4+ 18. Bd2 Qa3 19. Nc3 O-O-O 20. O-O Re8 21. Qg3 Qb2 22. Rfd1 h5 23. a4 h4 24. Qe3 Rxe3 0-1

[Event "Live Chess"]
[Site "Chess.com"]
[Date "2011.01.04"]
[Round "-"]
[White "jzhang9876"]
[Black "hipposcottimus"]
[Result "0-1"]
[CurrentPosition "5rk1/3q2pp/5p2/n7/2rP1Q2/1pP2R2/6PP/1R2B1K1 w - -"]
[Timezone "UTC"]
[ECO "C60"]
[ECOUrl "https://www.chess.com/openings/Ruy-Lopez-Opening"]
[UTCDate "2011.01.04"]
[UTCTime "01:41:48"]
[WhiteElo "1262"]
[BlackElo "1387"]
[TimeControl "480+5"]
[Termination "hipposcottimus won on time"]
[StartTime "01:41:48"]
[EndDate "2011.01.04"]
[EndTime "01:59:50"]
[Link "https://www.chess.com/game/live/83979375"]

1. e4 e5 2. Nf3 Nc6 3. Bb5 Bd6 4. Nc3 a6 5. Be2 Bc5 6. O-O Nf6 7. d3 d5 8. Bg5 d4 9. Nd5 Be7 10. Nxe7 Qxe7 11. c3 O-O 12. cxd4 Nxd4 13. Nxd4 exd4 14. Qa4 Qd6 15. f4 Ng4 16. e5 Nxe5 17. Rae1 Nc6 18. Bf3 b5 19. Qc2 Bb7 20. a4 Rab8 21. f5 Nb4 22. Qd2 Bd5 23. Bxd5 Nxd5 24. axb5 f6 25. Bh4 axb5 26. Bg3 Qd7 27. Rc1 Rbc8 28. Rc5 Ne3 29. Rf3 c6 30. Bf2 Nxf5 31. Qf4 Nd6 32. Bxd4 Nb7 33. Rc3 c5 34. Bf2 c4 35. d4 b4 36. Rc1 c3 37. bxc3 b3 38. Rb1 Na5 39. Be1 Rc4 0-1

[Event "Live Chess"]
[Site "Chess.com"]
[Date "2011.01.04"]
[Round "-"]
[White "hipposcottimus"]
[Black "jzhang9876"]
[Result "1-0"]
[CurrentPosition "r1bq1b1r/ppp2Qpk/2n3Bp/3np3/8/3P4/PPP2PPP/RNB1K2R b KQ -"]
[Timezone "UTC"]
[ECO "C57"]
[ECOUrl "https://www.chess.com/openings/Italian-Game-Knight-Attack-Polerio-Defense"]
[UTCDate "2011.01.04"]
[UTCTime "01:36:38"]
[WhiteElo "1382"]
[BlackElo "1267"]
[TimeControl "480+5"]
[Termination "hipposcottimus won by checkmate"]
[StartTime "01:36:38"]
[EndDate "2011.01.04"]
[EndTime "01:40:48"]
[Link "https://www.chess.com/game/live/83978387"]

1. e4 e5 2. Nf3 Nc6 3. Bc4 Nf6 4. Ng5 d5 5. exd5 Na5 6. Be2 Nxd5 7. d3 h6 8. Nxf7 Kxf7 9. Bh5+ Kg8 10. Qf3 Nc6 11. Qf7+ Kh7 12. Bg6# 1-0

[Event "Live Chess"]
[Site "Chess.com"]
[Date "2011.01.04"]
[Round "-"]
[White "jzhang9876"]
[Black "hipposcottimus"]
[Result "1-0"]
[CurrentPosition "8/7k/6pp/8/8/6PP/P1Q2P2/6K1 b - -"]
[Timezone "UTC"]
[ECO "C47"]
[ECOUrl "https://www.chess.com/openings/Four-Knights-Game-Italian-Variation"]
[UTCDate "2011.01.04"]
[UTCTime "01:22:19"]
[WhiteElo "1273"]
[BlackElo "1376"]
[TimeControl "480+5"]
[Termination "jzhang9876 won by resignation"]
[StartTime "01:22:19"]
[EndDate "2011.01.04"]
[EndTime "01:36:30"]
[Link "https://www.chess.com/game/live/83975089"]

1. e4 e5 2. Nf3 Nc6 3. Bc4 Nf6 4. Nc3 Bb4 5. d3 d5 6. exd5 Nxd5 7. Bxd5 Qxd5 8. O-O Bxc3 9. bxc3 O-O 10. c4 Qd6 11. h3 f5 12. Rb1 b6 13. Rb3 Bb7 14. Ba3 Qg6 15. Bxf8 Rxf8 16. Kh2 e4 17. dxe4 fxe4 18. Nd4 Qd6+ 19. Kg1 Nxd4 20. Re3 Qg6 21. Qxd4 c5 22. Qe5 Rf3 23. Rxf3 exf3 24. g3 h6 25. Qb8+ Kh7 26. Qxb7 Qxc2 27. Qxf3 Qxc4 28. Qf5+ g6 29. Qd7+ Kg8 30. Re1 Qf7 31. Re8+ Kg7 32. Re7 Qxe7 33. Qxe7+ Kh8 34. Qxa7 c4 35. Qxb6 c3 36. Qb4 c2 37. Qb2+ Kh7 38. Qxc2 1-0

[Event "Live Chess"]
[Site "Chess.com"]
[Date "2011.01.04"]
[Round "-"]
[White "enney"]
[Black "hipposcottimus"]
[Result "0-1"]
[CurrentPosition "5rk1/p2R2pp/4p3/3pP3/6Q1/3B2K1/P4P2/6rq w - -"]
[Timezone "UTC"]
[ECO "D10"]
[ECOUrl "https://www.chess.com/openings/Slav-Defense-Exchange-Variation-3...cxd5-4.Nf3"]
[UTCDate "2011.01.04"]
[UTCTime "01:15:43"]
[WhiteElo "1093"]
[BlackElo "1386"]
[TimeControl "420"]
[Termination "hipposcottimus won by checkmate"]
[StartTime "01:15:43"]
[EndDate "2011.01.04"]
[EndTime "01:21:24"]
[Link "https://www.chess.com/game/live/83973728"]

1. d4 d5 2. c4 c6 3. cxd5 cxd5 4. Nf3 e6 5. Nc3 Nf6 6. Bg5 Bd7 7. e4 Be7 8. e5 Ne4 9. Bxe7 Qxe7 10. Bd3 Ng5 11. Bb5 O-O 12. O-O f6 13. Bd3 f5 14. h4 Nxf3+ 15. Qxf3 Qxh4 16. Ne2 Nc6 17. g3 Nxd4 18. Nxd4 Qxd4 19. Rfe1 Qxb2 20. Rab1 Qd2 21. Rxb7 Qxe1+ 22. Kg2 Rac8 23. Rxd7 Rc1 24. g4 Qg1+ 25. Kh3 fxg4+ 26. Qxg4 Qh1+ 27. Kg3 Rg1# 0-1

[Event "Live Chess"]
[Site "Chess.com"]
[Date "2011.01.04"]
[Round "-"]
[White "hipposcottimus"]
[Black "mramorak"]
[Result "0-1"]
[CurrentPosition "6r1/1p6/1k1p4/2pP3R/5K1P/8/2N5/6q1 b - -"]
[Timezone "UTC"]
[ECO "C41"]
[ECOUrl "https://www.chess.com/openings/Philidor-Defense-3.d4-Bg4"]
[UTCDate "2011.01.04"]
[UTCTime "00:52:39"]
[WhiteElo "1383"]
[BlackElo "1380"]
[TimeControl "660"]
[Termination "mramorak won by resignation"]
[StartTime "00:52:39"]
[EndDate "2011.01.04"]
[EndTime "01:06:09"]
[Link "https://www.chess.com/game/live/83968062"]

1. e4 e5 2. Nf3 d6 3. d4 Bg4 4. Be2 Bxf3 5. Bxf3 Nc6 6. d5 Nd4 7. c4 Nf6 8. Nc3 a6 9. b4 c6 10. Be3 Nxf3+ 11. Qxf3 a5 12. Bd2 axb4 13. Ne2 c5 14. O-O Ra3 15. Qf5 g6 16. Qg5 Nxe4 17. Qxd8+ Kxd8 18. Bc1 Ra8 19. a3 bxa3 20. Rxa3 Rxa3 21. Bxa3 Nd2 22. Rd1 Nxc4 23. Rd3 Nxa3 24. Rxa3 Kc7 25. f4 Bg7 26. Nc3 exf4 27. Nb5+ Kd7 28. Ra7 Rb8 29. Kf2 f5 30. Kf3 g5 31. h4 h6 32. g3 fxg3 33. Kxg3 Be5+ 34. Kh3 g4+ 35. Kg2 f4 36. Na3 f3+ 37. Kf1 Kc7 38. Nc2 Kb6 39. Ra4 g3 40. Rg4 g2+ 41. Kf2 h5 42. Rg5 Bf4 43. Rxh5 Rg8 44. Kxf3 g1=Q 45. Kxf4 0-1

[Event "Live Chess"]
[Site "Chess.com"]
[Date "2011.01.04"]
[Round "-"]
[White "mramorak"]
[Black "hipposcottimus"]
[Result "1-0"]
[CurrentPosition "8/8/6k1/p5p1/1P2P2p/P6P/6K1/8 b - b3"]
[Timezone "UTC"]
[ECO "D00"]
[ECOUrl "https://www.chess.com/openings/Queens-Pawn-Opening-1...d5-2.e3-c5"]
[UTCDate "2011.01.04"]
[UTCTime "00:30:25"]
[WhiteElo "1372"]
[BlackElo "1391"]
[TimeControl "660"]
[Termination "mramorak won on time"]
[StartTime "00:30:25"]
[EndDate "2011.01.04"]
[EndTime "00:50:07"]
[Link "https://www.chess.com/game/live/83963017"]

1. d4 d5 2. e3 c5 3. c3 cxd4 4. exd4 Nc6 5. Nf3 Nf6 6. Bd3 Bg4 7. O-O e5 8. Re1 e4 9. h3 Bh5 10. g4 Nxg4 11. Bxe4 Nf6 12. Bxd5+ Be7 13. Bxc6+ bxc6 14. Re3 Nd5 15. Rd3 O-O 16. Qf1 Bxf3 17. Rxf3 Qd6 18. Qg2 f5 19. Na3 Bh4 20. Nc4 Qe6 21. Ne5 c5 22. a3 Rac8 23. Bg5 Bxg5 24. Qxg5 cxd4 25. cxd4 Nb6 26. Rc1 Nc4 27. Nxc4 Rxc4 28. Rxc4 Qxc4 29. Rxf5 Rxf5 30. Qxf5 Qxd4 31. Qc8+ Kf7 32. Qc3 Qb6 33. Kg2 h6 34. Qf3+ Kg6 35. Qg3+ Kh7 36. Qc3 h5 37. Qc2+ Kh6 38. Qd2+ g5 39. Kg3 Qc7+ 40. Kg2 h4 41. Qc3 Qb7+ 42. f3 Kh5 43. Qh8+ Kg6 44. Qe8+ Kh6 45. Qe6+ Kg7 46. Qe5+ Kg6 47. Qe4+ Qxe4 48. fxe4 a5 49. b4 1-0

[Event "Live Chess"]
[Site "Chess.com"]
[Date "2011.01.04"]
[Round "-"]
[White "hipposcottimus"]
[Black "Peay"]
[Result "1-0"]
[CurrentPosition "3Q4/7k/2p5/1p1p4/8/N5P1/P5PK/4r3 b - -"]
[Timezone "UTC"]
[ECO "C41"]
[ECOUrl "https://www.chess.com/openings/Philidor-Defense-3.d4-Bg4"]
[UTCDate "2011.01.04"]
[UTCTime "00:12:33"]
[WhiteElo "1400"]
[BlackElo "1241"]
[TimeControl "600"]
[Termination "hipposcottimus won on time"]
[StartTime "00:12:33"]
[EndDate "2011.01.04"]
[EndTime "00:27:58"]
[Link "https://www.chess.com/game/live/83958484"]

1. e4 e5 2. Nf3 d6 3. d4 Bg4 4. Be2 Bxf3 5. Bxf3 Nc6 6. c3 h6 7. b4 b5 8. dxe5 Nxe5 9. Bf4 f6 10. Bxe5 fxe5 11. Bh5+ Ke7 12. Qf3 Nf6 13. Bg6 Qd7 14. Bf5 Qe8 15. Na3 a6 16. c4 g6 17. Bh3 c6 18. cxb5 axb5 19. O-O Ra4 20. Rab1 Qa8 21. Rb3 Kf7 22. Rd1 Be7 23. Qg3 Kg7 24. Bf5 g5 25. Rf1 Nh5 26. Qg4 Nf6 27. Qh3 Rf8 28. Rg3 d5 29. f4 Rxb4 30. fxe5 Nxe4 31. Qh5 Qa7+ 32. Kh1 Rxf5 33. Rxf5 Nxg3+ 34. hxg3 Bc5 35. Rf6 Qe7 36. Qxh6+ Kg8 37. Qxg5+ Qg7 38. Rg6 Bf8 39. e6 Re4 40. Rxg7+ Bxg7 41. Qd8+ Kh7 42. e7 Bf6 43. e8=Q Bxd8 44. Qxd8 Re1+ 45. Kh2 1-0

[Event "Live Chess"]
[Site "Chess.com"]
[Date "2011.01.03"]
[Round "-"]
[White "hipposcottimus"]
[Black "makavangelo"]
[Result "1-0"]
[CurrentPosition "8/1p3kp1/1Q6/4P3/P2PK2p/8/2r3PP/8 b - -"]
[Timezone "UTC"]
[ECO "C41"]
[ECOUrl "https://www.chess.com/openings/Philidor-Defense-3.d4-Bg4"]
[UTCDate "2011.01.03"]
[UTCTime "23:53:00"]
[WhiteElo "1395"]
[BlackElo "1305"]
[TimeControl "480"]
[Termination "hipposcottimus won on time"]
[StartTime "23:53:00"]
[EndDate "2011.01.04"]
[EndTime "00:08:28"]
[Link "https://www.chess.com/game/live/83954503"]

1. e4 e5 2. Nf3 d6 3. d4 Bg4 4. Qd3 Nf6 5. dxe5 Nfd7 6. Bg5 Be7 7. Bxe7 Qxe7 8. exd6 cxd6 9. Nd4 O-O 10. Nb5 Nc5 11. Qe3 a6 12. N5c3 Nc6 13. f3 Nb4 14. Na3 Bd7 15. Bd3 Bb5 16. O-O Bxd3 17. cxd3 a5 18. d4 Ncd3 19. Rad1 Nxb2 20. Rd2 N4d3 21. Rxd3 Nxd3 22. Qxd3 d5 23. Nxd5 Qg5 24. f4 Qd8 25. Nb5 Rc8 26. a4 h5 27. f5 Qg5 28. f6 Rfe8 29. Ne7+ Rxe7 30. fxe7 Qxe7 31. e5 h4 32. Nd6 Rc6 33. Nxf7 Qxf7 34. Rxf7 Kxf7 35. Qb5 Rc1+ 36. Kf2 Rc2+ 37. Kf3 Rc3+ 38. Ke4 Rc7 39. Qxa5 Rc2 40. Qb6 1-0

[Event "Live Chess"]
[Site "Chess.com"]
[Date "2011.01.03"]
[Round "-"]
[White "hipposcottimus"]
[Black "barakat47"]
[Result "1-0"]
[CurrentPosition "2Q4k/8/7p/6p1/8/6P1/P4PKP/8 b - -"]
[Timezone "UTC"]
[ECO "B01"]
[ECOUrl "https://www.chess.com/openings/Scandinavian-Defense-Mieses-Kotrc-Variation-3.Nc3"]
[UTCDate "2011.01.03"]
[UTCTime "23:33:52"]
[WhiteElo "1389"]
[BlackElo "1249"]
[TimeControl "600"]
[Termination "hipposcottimus won by resignation"]
[StartTime "23:33:52"]
[EndDate "2011.01.03"]
[EndTime "23:51:54"]
[Link "https://www.chess.com/game/live/83949612"]

1. e4 d5 2. exd5 Qxd5 3. Nc3 Qe6+ 4. Be2 Nc6 5. d4 Qg6 6. Bf3 e6 7. Nge2 Bb4 8. Be4 Qg4 9. Bf3 Qh4 10. Bf4 Bxc3+ 11. bxc3 Qd8 12. O-O Nf6 13. Bg5 O-O 14. Ng3 h6 15. Bxf6 Qxf6 16. Ne4 Qe7 17. Nc5 Na5 18. Re1 c6 19. Nb3 Nc4 20. Nc5 Nb2 21. Qe2 Qg5 22. Rab1 Na4 23. Nxa4 e5 24. Nc5 Bh3 25. Nd7 Bxd7 26. Rbd1 Bh3 27. Kh1 Be6 28. c4 exd4 29. Rxd4 Rae8 30. Re4 Qc5 31. c3 Qa3 32. Bg4 Qxc3 33. Bxe6 fxe6 34. Rxe6 Rxe6 35. Qxe6+ Rf7 36. g3 Qc2 37. Re2 Qd1+ 38. Kg2 Qd8 39. Rb2 Qf8 40. Rxb7 a5 41. Rc7 a4 42. Rc8 Qxc8 43. Qxc8+ Rf8 44. Qe6+ Kh8 45. Qxc6 Rf6 46. Qxa4 Rd6 47. c5 Rd2 48. c6 Rd1 49. c7 Rc1 50. Qd7 g5 51. c8=Q+ Rxc8 52. Qxc8+ 1-0

[Event "Live Chess"]
[Site "Chess.com"]
[Date "2011.01.03"]
[Round "-"]
[White "barakat47"]
[Black "hipposcottimus"]
[Result "0-1"]
[CurrentPosition "6k1/6pp/8/p1N5/8/1P2P1P1/PBPP3r/3K1r2 w - -"]
[Timezone "UTC"]
[ECO "A00"]
[ECOUrl "https://www.chess.com/openings/Kings-Fianchetto-Opening-1...e5-2.Bg2-d5"]
[UTCDate "2011.01.03"]
[UTCTime "23:21:58"]
[WhiteElo "1254"]
[BlackElo "1384"]
[TimeControl "600"]
[Termination "hipposcottimus won by checkmate"]
[StartTime "23:21:58"]
[EndDate "2011.01.03"]
[EndTime "23:32:26"]
[Link "https://www.chess.com/game/live/83946802"]

1. g3 e5 2. Bg2 d5 3. Nc3 d4 4. Nd5 c6 5. Nb4 a5 6. Nd3 f5 7. Nxe5 Nf6 8. e3 Bd6 9. Nc4 dxe3 10. Nxd6+ Qxd6 11. fxe3 O-O 12. b3 Ne4 13. Bxe4 fxe4 14. Bb2 Nd7 15. Qg4 Ne5 16. Qxe4 Ng4 17. O-O-O Nf2 18. Qc4+ Be6 19. Qd4 Qe7 20. Ne2 Nxd1 21. Rxd1 c5 22. Qe4 b6 23. Nf4 Rae8 24. Nd5 Qg5 25. Nxb6 Bg4 26. Qd5+ Qxd5 27. Nxd5 Bxd1 28. Kxd1 Rf2 29. Nc7 Ref8 30. Na6 Rxh2 31. Nxc5 Rf1# 0-1

[Event "Live Chess"]
[Site "Chess.com"]
[Date "2011.01.03"]
[Round "-"]
[White "ejderkeskin"]
[Black "hipposcottimus"]
[Result "0-1"]
[CurrentPosition "r3r1k1/5ppp/p1p5/8/QP2pNn1/P3P1P1/3B1q2/2R2KR1 w - -"]
[Timezone "UTC"]
[ECO "D00"]
[ECOUrl "https://www.chess.com/openings/Queens-Pawn-Opening-1...d5-2.c3"]
[UTCDate "2011.01.03"]
[UTCTime "15:51:08"]
[WhiteElo "1350"]
[BlackElo "1379"]
[TimeControl "600"]
[Termination "hipposcottimus won by checkmate"]
[StartTime "15:51:08"]
[EndDate "2011.01.03"]
[EndTime "16:01:00"]
[Link "https://www.chess.com/game/live/83820783"]

1. d4 d5 2. c3 c5 3. Nf3 Bg4 4. e3 cxd4 5. cxd4 e6 6. Be2 Nf6 7. O-O Bd6 8. Ne5 Bf5 9. Nc3 a6 10. Bf3 Nc6 11. Nxc6 bxc6 12. Qa4 Qc7 13. a3 Bxh2+ 14. Kh1 O-O 15. b4 Be4 16. Bxe4 dxe4 17. Ne2 Rfe8 18. g3 Ng4 19. Nf4 e5 20. dxe5 Qxe5 21. Bd2 Qf6 22. Rac1 Qh6 23. Kg2 Bg1 24. Rxg1 Qh2+ 25. Kf1 Qxf2# 0-1

[Event "Live Chess"]
[Site "Chess.com"]
[Date "2011.01.03"]
[Round "-"]
[White "hipposcottimus"]
[Black "Mushtaque"]
[Result "1-0"]
[CurrentPosition "r3k3/pbnp1r2/1ppNp1Q1/8/8/2N5/PPP2PPP/R4RK1 b q -"]
[Timezone "UTC"]
[ECO "B00"]
[ECOUrl "https://www.chess.com/openings/Owens-Defense"]
[UTCDate "2011.01.03"]
[UTCTime "15:47:55"]
[WhiteElo "1371"]
[BlackElo "1263"]
[TimeControl "120+12"]
[Termination "hipposcottimus won by resignation"]
[StartTime "15:47:55"]
[EndDate "2011.01.03"]
[EndTime "15:50:26"]
[Link "https://www.chess.com/game/live/83819963"]

1. e4 b6 2. Nf3 Bb7 3. Nc3 c6 4. d4 e6 5. e5 Be7 6. Be2 f6 7. O-O g6 8. Be3 Qc7 9. Bf4 g5 10. Bg3 g4 11. Nd2 h5 12. exf6 Bxf6 13. Bxc7 Bxd4 14. Bxg4 hxg4 15. Qxg4 Nf6 16. Qxd4 Na6 17. Qxf6 Rf8 18. Qg6+ Rf7 19. Nde4 Nxc7 20. Nd6+ 1-0

[Event "Live Chess"]
[Site "Chess.com"]
[Date "2011.01.03"]
[Round "-"]
[White "hipposcottimus"]
[Black "Aircow"]
[Result "0-1"]
[CurrentPosition "k3r3/p1p3pp/Qp6/1PN5/8/2P2P2/P5PP/3Rr2K w - -"]
[Timezone "UTC"]
[ECO "C50"]
[ECOUrl "https://www.chess.com/openings/Italian-Game-Blackburne-Shilling-Gambit-4.Nxe5-Qg5"]
[UTCDate "2011.01.03"]
[UTCTime "08:18:12"]
[WhiteElo "1365"]
[BlackElo "1365"]
[TimeControl "600"]
[Termination "Aircow won on time"]
[StartTime "08:18:12"]
[EndDate "2011.01.03"]
[EndTime "08:34:40"]
[Link "https://www.chess.com/game/live/83719575"]

1. e4 e5 2. Nf3 Nc6 3. Bc4 Nd4 4. Nxe5 Qg5 5. Bxf7+ Kd8 6. O-O Qxe5 7. c3 Ne6 8. f3 Nf4 9. d4 Qg5 10. Rf2 Qf6 11. Bxg8 Rxg8 12. e5 Qf5 13. Nd2 Nd3 14. Re2 Nxc1 15. Rxc1 d6 16. Ne4 dxe5 17. dxe5+ Bd7 18. Nc5 b6 19. Nxd7 Kc8 20. e6 Bd6 21. Qa4 Kb7 22. b4 Rae8 23. b5 Rxe6 24. Qa6+ Ka8 25. Rd2 Bc5+ 26. Kh1 Rge8 27. Rdd1 Qc2 28. Nxc5 Qxd1+ 29. Rxd1 Re1+ 0-1

[Event "Live Chess"]
[Site "Chess.com"]
[Date "2011.01.03"]
[Round "-"]
[White "Mission"]
[Black "hipposcottimus"]
[Result "1-0"]
[CurrentPosition "4k3/4r2p/6p1/8/8/6P1/Q5KP/B7 b - -"]
[Timezone "UTC"]
[ECO "A02"]
[ECOUrl "https://www.chess.com/openings/Birds-Opening-1...d6-2.Nf3"]
[UTCDate "2011.01.03"]
[UTCTime "06:29:31"]
[WhiteElo "1325"]
[BlackElo "1373"]
[TimeControl "120+10"]
[Termination "Mission won by resignation"]
[StartTime "06:29:31"]
[EndDate "2011.01.03"]
[EndTime "06:52:19"]
[Link "https://www.chess.com/game/live/83699570"]

1. f4 d6 2. Nf3 Bg4 3. e3 e5 4. fxe5 dxe5 5. Be2 Nc6 6. O-O Bd6 7. e4 Nce7 8. d3 f5 9. Ng5 Nf6 10. exf5 Bxf5 11. Bh5+ Bg6 12. Bxg6+ Nxg6 13. d4 O-O 14. Re1 exd4 15. Ne6 Qd7 16. Nxf8 Rxf8 17. b3 c5 18. a4 Bc7 19. Ba3 Qd6 20. g3 Ng4 21. Qxg4 Ne5 22. Qe2 Nf3+ 23. Kg2 Nxe1+ 24. Qxe1 Qd5+ 25. Kg1 d3 26. Bc1 dxc2 27. Nc3 Qxb3 28. Nb5 Bb6 29. Be3 a6 30. a5 Qxb5 31. axb6 Qxb6 32. Qc3 Qb1+ 33. Qe1 Qb5 34. Qc3 Qb1+ 35. Qe1 Qb2 36. Rc1 b6 37. Bd2 Qd4+ 38. Be3 Qc4 39. Bd2 a5 40. Qe5 a4 41. Bc3 Qf7 42. Qe1 Qf5 43. Qe5 Qf2+ 44. Kh1 Qf1+ 45. Rxf1 Rxf1+ 46. Kg2 Rf7 47. Bd2 a3 48. Qe8+ Rf8 49. Qa4 Rd8 50. Qxc2 Ra8 51. Bc3 b5 52. Ba1 c4 53. Qc3 Ra7 54. Qb4 c3 55. Qxc3 a2 56. Qb3+ Kf8 57. Qxb5 g6 58. Qc5+ Re7 59. Qc8+ Kf7 60. Qc4+ Ke8 61. Qxa2 1-0

[Event "Live Chess"]
[Site "Chess.com"]
[Date "2011.01.03"]
[Round "-"]
[White "yungever"]
[Black "hipposcottimus"]
[Result "0-1"]
[CurrentPosition "7k/ppp3pp/8/4r3/1P6/r6P/6PK/7R w - -"]
[Timezone "UTC"]
[ECO "A00"]
[ECOUrl "https://www.chess.com/openings/Anderssen-Opening-1...e5"]
[UTCDate "2011.01.03"]
[UTCTime "04:13:08"]
[WhiteElo "1096"]
[BlackElo "1382"]
[TimeControl "600"]
[Termination "hipposcottimus won by resignation"]
[StartTime "04:13:08"]
[EndDate "2011.01.03"]
[EndTime "04:20:30"]
[Link "https://www.chess.com/game/live/83672722"]

1. a3 e5 2. d4 exd4 3. Qxd4 Nc6 4. Qd1 d5 5. h3 f5 6. Nc3 Nf6 7. Nf3 d4 8. Nb1 Bc5 9. e3 O-O 10. Bb5 dxe3 11. Qxd8 exf2+ 12. Kf1 Nxd8 13. Bc4+ Kh8 14. Ne5 Be6 15. Bxe6 Nxe6 16. Nd3 Ne4 17. b4 Bd4 18. c3 Nxc3 19. Nxc3 Bxc3 20. Rb1 Rad8 21. Nxf2 Bd4 22. Nd3 Bb6 23. Ke2 Rfe8 24. Be3 Bxe3 25. Kxe3 Nc5+ 26. Kf4 Nxd3+ 27. Kxf5 Re5+ 28. Kg4 Nf2+ 29. Kg3 Nxh1+ 30. Rxh1 Rd3+ 31. Kh2 Rxa3 0-1

[Event "Live Chess"]
[Site "Chess.com"]
[Date "2011.01.03"]
[Round "-"]
[White "hipposcottimus"]
[Black "Beast23"]
[Result "1-0"]
[CurrentPosition "rn3rk1/2p2ppp/1pN2n2/2b1p3/4P3/1B2BQ2/PPP2PPP/R4RK1 w - -"]
[Timezone "UTC"]
[ECO "C41"]
[ECOUrl "https://www.chess.com/openings/Philidor-Defense-3.Nc3"]
[UTCDate "2011.01.03"]
[UTCTime "04:06:55"]
[WhiteElo "1382"]
[BlackElo "1349"]
[TimeControl "600"]
[Termination "hipposcottimus won by resignation"]
[StartTime "04:06:55"]
[EndDate "2011.01.03"]
[EndTime "04:10:12"]
[Link "https://www.chess.com/game/live/83671524"]

1. e4 e5 2. Nf3 d6 3. Nc3 Bg4 4. d4 Nf6 5. dxe5 Bxf3 6. Qxf3 dxe5 7. Bc4 Qd4 8. Bb3 Bb4 9. O-O O-O 10. Be3 Qd6 11. Nb5 Qc6 12. Nxa7 Bc5 13. Nxc6 b6 1-0

[Event "Live Chess"]
[Site "Chess.com"]
[Date "2011.01.03"]
[Round "-"]
[White "Wassmann"]
[Black "hipposcottimus"]
[Result "0-1"]
[CurrentPosition "5k2/ppp2pp1/7n/8/3P4/2P5/PP4r1/2KBr1NR b - -"]
[Timezone "UTC"]
[ECO "C23"]
[ECOUrl "https://www.chess.com/openings/Bishops-Opening-2...Nc6-3.Nc3"]
[UTCDate "2011.01.03"]
[UTCTime "03:46:11"]
[WhiteElo "1391"]
[BlackElo "1374"]
[TimeControl "300+7"]
[Termination "hipposcottimus won by resignation"]
[StartTime "03:46:11"]
[EndDate "2011.01.03"]
[EndTime "03:54:57"]
[Link "https://www.chess.com/game/live/83667258"]

1. e4 e5 2. Bc4 Nc6 3. Nc3 Bb4 4. Nd5 Nf6 5. Nxb4 Nxb4 6. c3 d5 7. exd5 Nbxd5 8. Qe2 Qd6 9. d4 e4 10. Bg5 Bf5 11. O-O-O O-O 12. Bxf6 Nxf6 13. f3 Rfe8 14. fxe4 Rxe4 15. Qf3 Bg4 16. Qg3 Qxg3 17. hxg3 Bxd1 18. Kxd1 Ng4 19. Bd3 Re3 20. Bxh7+ Kf8 21. Kd2 Rxg3 22. Bf5 Rxg2+ 23. Kc1 Nh6 24. Be4 Re8 25. Bc2 Re1+ 26. Bd1 0-1